Wild vs Jets

Created - 17 octobre 2025 at 16:33

Goals
1 2 3 T
Wild 1 1 1 3
Jets 3 0 3 6
Shots
1 2 3 T
Wild 20 7 12 39
Jets 7 7 15 29

GoalsPenalties
1st period
1. Jets , Travis Konecny 5 (Bowen Byram 4) at 11:38
2. Jets , Ilya Mikheyev 2 (Victor Olofsson 2, Bowen Byram 5) at 14:58
3. Jets , Andreas Athanasiou 1 (Victor Olofsson 3) at 15:12
4. Wild , Jack Eichel 3 (Matthew Knies 3) at 18:26 (PP)
Bowen Byram (WIN) for Diving (Minor) at 12:08
Dakota Joshua (WIN) for Hooking (Minor) at 18:15
2nd period
5. Wild , Dylan Larkin 3 (Ryan Nugent-Hopkins 2, Noel Acciari 3) at 12:38
Brandon Carlo (MIW) for Tripping (Minor) at 6:08
3rd period
6. Wild , Elias Lindholm 2 (Timo Meier 3, Devon Toews 1) at 1:16
7. Jets , Andreas Athanasiou 2 (Victor Olofsson 4, Philipp Grubauer) at 6:36
8. Jets , Sean Couturier 1 (Kevin Fiala 3, Travis Konecny 3) at 11:36
9. Jets , Ilya Mikheyev 3 (Kevin Fiala 4, Sean Couturier 3) at 15:19
Radko Gudas (MIW) for Tripping (Minor) at 3:32
Radko Gudas (MIW) for High sticking (Minor) at 15:47
Goalie Stats
Samuel Ersson (MIW), 23 saves from 29 shots - (0,793), L, 1-1-0, 60:00 minutes
Philipp Grubauer (WIN), 36 saves from 39 shots - (0,923), W, 1-1-0, 60:00 minutes
3 StarsOfficial
1 - Ilya Mikheyev (WIN)
2 - Travis Konecny (WIN)
3 - Sean Couturier (WIN)
Referees : Michael Markovic and Steve Kozari
Linesman : Scott Driscoll and Jesse Marquis
Game Note
No Game Note
Finance
Level 1 -- Attendance: 5990 (99,83%) -- Ticket Income $569,050
Level 2 -- Attendance: 4673 (93,46%) -- Ticket Income $280,380
Level 3 -- Attendance: 1561 (78,05%) -- Ticket Income $70,245
Level 4 -- Attendance: 3219 (80,48%) -- Ticket Income $86,913
Luxury Box -- Attendance: 697 (69,70%) -- Ticket Income $146,370
Game was played at the No Name Arena.
Total Attendance: 16140 (89,67%)
Total Ticket Income: $1,152,958
Other Income: $564,949
Total Income: $1,717,907



Team Name Goals Shots Shots Attemp Shots Blocked PIM HIT PP PK FO%
Wild 33973116311 / 2 (50%)065%
Jets 6295612490 / 3 (0%)135%

Wild
Player Name POS G A P +/- PIM HIT SHT SB MP PP MP PP SHT PK MP PK SHT FO% FOT GA TA
000000000:000:0000:0000% 000
000000000:000:0000:0000% 000
Alex LaferriereRW0000001012:060:0000:0000% 010
Brandon CarloD000-1201021:120:0002:2200% 004
Brayden McNabbD0000010013:510:0002:4600% 000
Devon ToewsD011-3021424:351:1602:3700% 001
Dylan LarkinC/LW/RW1011039017:310:5400:37068% 1900
Elias LindholmC/RW1010031115:240:5402:21088% 800
Jack EichelC/RW101-4003017:151:1620:00047% 1922
Justin DanforthC/RW000-101207:570:0000:1200% 010
Keaton MiddletonD0000000011:210:0000:0000% 000
Kevin StenlundC/RW000-1020010:440:0002:59067% 610
Kirill MarchenkoLW/RW0001033016:500:5400:0000% 001
Mario FerraroD000-3042325:040:0003:3800% 011
Matthew KniesLW/RW011-4052017:151:1610:0000% 110
Noel AcciariC/LW/RW011-1000010:440:0002:590100% 200
Radko GudasD000-1442321:330:5400:3100% 000
Ryan Nugent-HopkinsC/LW0111013019:311:1602:161100% 200
Timo MeierLW/RW0110019013:520:5400:3000% 001
William NylanderC/LW/RW000-4010017:151:1600:0000% 001
Jets
Player Name POS G A P +/- PIM HIT SHT SB MP PP MP PP SHT PK MP PK SHT FO% FOT GA TA
000000000:000:0000:0000% 000
000000000:000:0000:0000% 000
Andreas AthanasiouC/LW/RW202-1003215:412:3800:0000% 010
Bowen ByramD0225224026:223:1100:1100% 001
Colin MillerD0000010113:310:0000:3000% 001
Craig SmithC/LW/RW0000001011:230:0000:00050% 200
Dakota JoshuaC/LW000-1211013:310:0000:0000% 100
Emil BemstromC/RW0001010010:521:0800:1600% 000
Ilya MikheyevLW/RW202200408:510:1000:0600% 001
Jack ThompsonD000200003:300:0000:0000% 000
Kevin FialaLW/RW0223013021:052:3800:2300% 220
Lane HutsonD000-1001119:362:4600:4000% 000
Nate SchmidtD000-1000119:362:4600:4000% 000
Noah HanifinD0003003023:533:1101:3000% 011
Sean CouturierC1123012022:233:0901:10050% 2800
Travis KonecnyLW/RW1123003322:493:1301:110100% 140
Victor OlofssonLW/RW0332012020:010:0000:00011% 1911
Viktor ArvidssonLW/RW0000001114:521:4500:270100% 110
Vince DunnD0000010213:500:0000:4900% 010
Zach Aston-ReeseC/LW/RW0000001116:023:1000:47033% 302

Wild

5 vs 5 Forward
Line #Left WingCenterRight WingPHYDFOFWanted %Time %Time Play
1William NylanderJack EichelMatthew Knies1133331%16:06
2Ryan Nugent-HopkinsDylan LarkinKirill Marchenko1133331%15:56
3Timo MeierElias LindholmAlex Laferriere1132423%12:06
4Noel AcciariKevin StenlundJustin Danforth1401015%7:45
5 vs 5 Defense
Line #DefenseDefensePHYDFOFWanted %Time %Time Play
1Devon ToewsMario Ferraro0234039%20:15
2Brandon CarloRadko Gudas2213534%17:37
3Brayden McNabbKeaton Middleton1312022%11:31
4Radko GudasMario Ferraro02355%2:30
Power Play Forward
Line #Left WingCenterRight WingPHYDFOFWanted %Time %Time Play
1William NylanderJack EichelMatthew Knies0056058%1:16
2Kirill MarchenkoDylan LarkinTimo Meier0054042%0:54
Power Play Defense
Line #DefenseDefensePHYDFOFWanted %Time %Time Play
1Ryan Nugent-HopkinsDevon Toews0147058%1:16
2Radko GudasElias Lindholm0143042%0:54
Penalty Kill 4 Players Forward
Line #CenterWingPHYDFOFWanted %Time %Time Play
1Kevin StenlundNoel Acciari0506597%5:45
2Justin DanforthElias Lindholm050353%0:12
Penalty Kill 4 Players Defense
Line #DefenseDefensePHYDFOFWanted %Time %Time Play
1Brandon CarloMario Ferraro1406059%3:29
2Brayden McNabbRadko Gudas0504041%2:28
Penalty Kill 3 Players
Line #WingPHYDFOFWanted %Time %Time PlayDefenseDefensePHYDFOFWanted %Time %Time Play
1Noel Acciari050500%0:00 Brandon CarloMario Ferraro050600%0:00
2Kevin Stenlund050500%0:00 Radko GudasBrayden McNabb050400%0:00
4 vs 4 Forward
Line #CenterWingPHYDFOFWanted %Time %Time Play
1Jack EichelWilliam Nylander122600%0:00
2Dylan LarkinRyan Nugent-Hopkins122400%0:00
4 vs 4 Defense
Line #DefensePHYDFOFWanted %Time %Time Play
1Radko GudasMario Ferraro122600%0:00
2Brandon CarloDevon Toews122400%0:00
Last Minutes Offensive
Left WingCenterRight WingDefenseDefense
Dylan LarkinJack EichelWilliam NylanderRadko GudasDevon Toews
Last Minutes Defensive
Left WingCenterRight WingDefenseDefense
Noel AcciariKevin StenlundJustin DanforthBrandon CarloMario Ferraro
Time
Total ForwardTotal DefenseLast Minutes OffensiveLast Minutes Defensive
60:00 60:00 0:000:00
Extra Forwards
Normal PowerPlayPenalty Kill
Elias Lindholm, Ryan Nugent-Hopkins, Kirill MarchenkoElias Lindholm, Kirill MarchenkoElias Lindholm
Extra Defensemen
Normal PowerPlayPenalty Kill
Devon Toews, Brayden McNabb, Keaton MiddletonDevon Toews, Devon ToewsBrayden McNabb
Penalty Shots
Jack Eichel, Dylan Larkin, William Nylander, Kirill Marchenko, Ryan Nugent-Hopkins
Goalie
Samuel Ersson, Jake Oettinger
Custom OT Lines Forwards
Jack Eichel, Dylan Larkin, William Nylander, Matthew Knies, Elias Lindholm, Ryan Nugent-Hopkins, Kirill Marchenko, Timo Meier, Alex Laferriere, Kevin Stenlund
Custom OT Lines Defensemen
Radko Gudas, Mario Ferraro, Brandon Carlo, Devon Toews, Brayden McNabb
Scratches
None

Jets

5 vs 5 Forward
Line #Left WingCenterRight WingPHYDFOFWanted %Time %Time Play
1Travis KonecnySean CouturierKevin Fiala1224035%18:25
2Dakota JoshuaVictor OlofssonAndreas Athanasiou1223026%13:32
3Ilya MikheyevVictor OlofssonEmil Bemstrom1222016%8:33
4Viktor ArvidssonZach Aston-ReeseCraig Smith1221022%11:23
5 vs 5 Defense
Line #DefenseDefensePHYDFOFWanted %Time %Time Play
1Bowen ByramNoah Hanifin1224037%19:12
2Lane HutsonNate Schmidt1223031%16:10
3Vince DunnColin Miller1222025%13:01
4Jack ThompsonBowen Byram122107%3:30
Power Play Forward
Line #Left WingCenterRight WingPHYDFOFWanted %Time %Time Play
1Travis KonecnySean CouturierZach Aston-Reese1226056%3:19
2Kevin FialaZach Aston-ReeseAndreas Athanasiou1224044%2:38
Power Play Defense
Line #DefenseDefensePHYDFOFWanted %Time %Time Play
1Bowen ByramNoah Hanifin1226054%3:11
2Lane HutsonNate Schmidt1224046%2:46
Penalty Kill 4 Players Forward
Line #CenterWingPHYDFOFWanted %Time %Time Play
1Sean CouturierTravis Konecny1226082%1:47
2Zach Aston-ReeseKevin Fiala1224018%0:23
Penalty Kill 4 Players Defense
Line #DefenseDefensePHYDFOFWanted %Time %Time Play
1Bowen ByramNoah Hanifin1226069%1:30
2Lane HutsonNate Schmidt1224031%0:40
Penalty Kill 3 Players
Line #WingPHYDFOFWanted %Time %Time PlayDefenseDefensePHYDFOFWanted %Time %Time Play
1Sean Couturier122600%0:00 Bowen ByramNoah Hanifin122600%0:00
2Zach Aston-Reese122400%0:00 Lane HutsonNate Schmidt122400%0:00
4 vs 4 Forward
Line #CenterWingPHYDFOFWanted %Time %Time Play
1Sean CouturierTravis Konecny122600%0:00
2Zach Aston-ReeseKevin Fiala122400%0:00
4 vs 4 Defense
Line #DefensePHYDFOFWanted %Time %Time Play
1Bowen ByramNoah Hanifin122600%0:00
2Lane HutsonNate Schmidt122400%0:00
Last Minutes Offensive
Left WingCenterRight WingDefenseDefense
Travis KonecnySean CouturierZach Aston-ReeseBowen ByramNoah Hanifin
Last Minutes Defensive
Left WingCenterRight WingDefenseDefense
Travis KonecnySean CouturierZach Aston-ReeseBowen ByramNoah Hanifin
Time
Total ForwardTotal DefenseLast Minutes OffensiveLast Minutes Defensive
60:00 60:00 0:000:00
Extra Forwards
Normal PowerPlayPenalty Kill
Viktor Arvidsson, Zach Aston-Reese, Andreas AthanasiouViktor Arvidsson, Zach Aston-ReeseViktor Arvidsson
Extra Defensemen
Normal PowerPlayPenalty Kill
Vince Dunn, Colin Miller, Jack ThompsonVince Dunn, Vince DunnColin Miller
Penalty Shots
Travis Konecny, Kevin Fiala, Sean Couturier, Ilya Mikheyev, Viktor Arvidsson
Goalie
Philipp Grubauer, Jack Campbell
Custom OT Lines Forwards
Travis Konecny, Kevin Fiala, Sean Couturier, Ilya Mikheyev, Viktor Arvidsson, Zach Aston-Reese, Andreas Athanasiou, Victor Olofsson, Craig Smith, Dakota Joshua
Custom OT Lines Defensemen
Bowen Byram, Noah Hanifin, Lane Hutson, Nate Schmidt, Vince Dunn
Scratches
Alex Belzile (Healthy)


Play-by-Play

1st period


0:01 of 1st period - Sean Couturier wins face-off versus Jack Eichel in neutral zone.
0:08 of 1st period - Snap shot by Matthew Knies.
0:08 of 1st period - Deflect By Kevin Fiala.
0:08 of 1st period - Stopped by Philipp Grubauer without a rebound.
0:09 of 1st period - Sean Couturier wins face-off versus Jack Eichel in Jets zone.
0:14 of 1st period - Bowen Byram is hit by Mario Ferraro and loses puck.
0:29 of 1st period - Snap shot by Jack Eichel.
0:29 of 1st period - Stopped by Philipp Grubauer without a rebound.
0:30 of 1st period - Dylan Larkin wins face-off versus Victor Olofsson in Jets zone.
0:35 of 1st period - Wrist shot by Dylan Larkin.
0:35 of 1st period - Stopped by Philipp Grubauer with a rebound.
1:04 of 1st period - Snap shot by Timo Meier.
1:04 of 1st period - Stopped by Philipp Grubauer with a rebound.
1:06 of 1st period - Slapshot by Elias Lindholm.
1:06 of 1st period - Shot Blocked by Lane Hutson.
1:08 of 1st period - Slapshot by Brandon Carlo.
1:08 of 1st period - Shot Blocked by Nate Schmidt.
1:15 of 1st period - Icing by Lane Hutson.
1:16 of 1st period - Kevin Stenlund wins face-off versus Sean Couturier in Jets zone.
1:19 of 1st period - Snap shot by Justin Danforth.
1:19 of 1st period - Stopped by Philipp Grubauer with a rebound.
1:31 of 1st period - Snap shot by Kevin Fiala.
1:31 of 1st period - Shot Misses the Net.
1:40 of 1st period - Icing by Noel Acciari.
1:41 of 1st period - Ryan Nugent-Hopkins wins face-off versus Victor Olofsson in Wild zone.
1:47 of 1st period - Off-side.
1:48 of 1st period - Dylan Larkin wins face-off versus Victor Olofsson in neutral zone.
1:57 of 1st period - Snap shot by Victor Olofsson.
1:57 of 1st period - Deflect By Ilya Mikheyev.
1:57 of 1st period - Shot Misses the Net.
1:57 of 1st period - Puck is out of play.
1:58 of 1st period - Elias Lindholm wins face-off versus Victor Olofsson in Wild zone.
2:53 of 1st period - Bowen Byram is hit by Radko Gudas and loses puck.
3:05 of 1st period - Icing by Zach Aston-Reese.
3:06 of 1st period - Kevin Stenlund wins face-off versus Victor Olofsson in Jets zone.
4:51 of 1st period - Snap shot by Kevin Fiala.
4:51 of 1st period - Stopped by Samuel Ersson without a rebound.
4:52 of 1st period - Craig Smith wins face-off versus Jack Eichel in Wild zone.
4:57 of 1st period - Snap shot by Viktor Arvidsson.
4:57 of 1st period - Shot Misses the Net.
4:59 of 1st period - Slapshot by Zach Aston-Reese.
4:59 of 1st period - Shot Misses the Net.
5:01 of 1st period - Wrist shot by Zach Aston-Reese.
5:01 of 1st period - Shot Misses the Net.
5:03 of 1st period - Snap shot by Nate Schmidt.
5:03 of 1st period - Deflect By Viktor Arvidsson.
5:03 of 1st period - Shot Blocked by Mario Ferraro.
5:03 of 1st period - Puck is out of play.
5:04 of 1st period - Dylan Larkin wins face-off versus Victor Olofsson in Wild zone.
5:04 of 1st period - Dylan Larkin is hit by Dakota Joshua.
6:13 of 1st period - Emil Bemstrom is hit by Matthew Knies and loses puck.
6:43 of 1st period - Radko Gudas is hit by Colin Miller and loses puck.
7:18 of 1st period - Slapshot by Viktor Arvidsson.
7:18 of 1st period - Shot Misses the Net.
10:16 of 1st period - Ilya Mikheyev is hit by Radko Gudas.
10:28 of 1st period - Snap shot by Dylan Larkin.
10:28 of 1st period - Stopped by Philipp Grubauer without a rebound.
10:29 of 1st period - Dylan Larkin wins face-off versus Craig Smith in Jets zone.
10:30 of 1st period - Slapshot by Kirill Marchenko.
10:30 of 1st period - Shot Blocked by Vince Dunn.
10:36 of 1st period - Wrist shot by Dylan Larkin.
10:36 of 1st period - Stopped by Philipp Grubauer with a rebound.
10:38 of 1st period - Snap shot by Dylan Larkin.
10:38 of 1st period - Shot Hit the Post.
10:40 of 1st period - Snap shot by Kirill Marchenko.
10:40 of 1st period - Shot Blocked by Viktor Arvidsson.
10:42 of 1st period - Wrist shot by Dylan Larkin.
10:42 of 1st period - Stopped by Philipp Grubauer with a rebound.
10:44 of 1st period - Slapshot by Dylan Larkin.
10:44 of 1st period - Shot Misses the Net.
10:46 of 1st period - Wrist shot by Keaton Middleton.
10:46 of 1st period - Shot Misses the Net.
10:58 of 1st period - Icing by Matthew Knies.
10:59 of 1st period - Sean Couturier wins face-off versus Jack Eichel in Wild zone.
11:12 of 1st period - Slapshot by Kevin Fiala.
11:12 of 1st period - Shot Blocked by Radko Gudas.
11:36 of 1st period - Wrist shot by Travis Konecny.
11:36 of 1st period - Stopped by Samuel Ersson with a rebound.
11:38 of 1st period - Slapshot by Travis Konecny.
11:38 of 1st period - Goal by Travis Konecny - Wild : 0 - Jets : 1.
11:39 of 1st period - Dylan Larkin wins face-off versus Victor Olofsson in neutral zone.
11:44 of 1st period - Wrist shot by Ryan Nugent-Hopkins.
11:44 of 1st period - Stopped by Philipp Grubauer without a rebound.
11:45 of 1st period - Victor Olofsson wins face-off versus Dylan Larkin in Jets zone.
11:50 of 1st period - Wrist shot by Ryan Nugent-Hopkins.
11:50 of 1st period - Shot Misses the Net.
11:52 of 1st period - Slapshot by Mario Ferraro.
11:52 of 1st period - Stopped by Philipp Grubauer with a rebound.
11:54 of 1st period - Snap shot by Mario Ferraro.
11:54 of 1st period - Stopped by Philipp Grubauer with a rebound.
11:56 of 1st period - Snap shot by Kirill Marchenko.
11:56 of 1st period - Stopped by Philipp Grubauer with a rebound.
11:58 of 1st period - Wrist shot by Mario Ferraro.
11:58 of 1st period - Shot Misses the Net.
12:08 of 1st period - Minor Penalty to Bowen Byram for Diving.
12:09 of 1st period - Sean Couturier wins face-off versus Jack Eichel in Jets zone.
12:25 of 1st period - Travis Konecny is hit by William Nylander and loses puck.
13:39 of 1st period - Zach Aston-Reese is hit by Elias Lindholm and loses puck.
14:08 of 1st period - Penalty to Bowen Byram is over, Bowen Byram is back on ice.
14:16 of 1st period - Snap shot by Travis Konecny.
14:16 of 1st period - Shot Misses the Net.
14:41 of 1st period - Wrist shot by Kevin Stenlund.
14:41 of 1st period - Deflect By Noel Acciari.
14:41 of 1st period - Shot Misses the Net.
14:41 of 1st period - Puck is out of play.
14:42 of 1st period - Kevin Stenlund wins face-off versus Victor Olofsson in Jets zone.
14:58 of 1st period - Wrist shot by Ilya Mikheyev.
14:58 of 1st period - Goal by Ilya Mikheyev - Wild : 0 - Jets : 2.
14:59 of 1st period - Jack Eichel wins face-off versus Victor Olofsson in neutral zone.
15:10 of 1st period - Snap shot by Victor Olofsson.
15:10 of 1st period - Shot Blocked by Devon Toews.
15:12 of 1st period - Snap shot by Andreas Athanasiou.
15:12 of 1st period - Goal by Andreas Athanasiou - Wild : 0 - Jets : 3.
15:13 of 1st period - Elias Lindholm wins face-off versus Victor Olofsson in neutral zone.
15:28 of 1st period - Snap shot by Timo Meier.
15:28 of 1st period - Stopped by Philipp Grubauer without a rebound.
15:29 of 1st period - Jack Eichel wins face-off versus Sean Couturier in Jets zone.
15:56 of 1st period - Bowen Byram is hit by Kirill Marchenko and loses puck.
16:03 of 1st period - Wrist shot by Andreas Athanasiou.
16:03 of 1st period - Stopped by Samuel Ersson with a rebound.
16:25 of 1st period - Backhand shot by Justin Danforth.
16:25 of 1st period - Shot Misses the Net.
17:03 of 1st period - Nate Schmidt is hit by Matthew Knies and loses puck.
17:26 of 1st period - Snap shot by Victor Olofsson.
17:26 of 1st period - Stopped by Samuel Ersson without a rebound.
17:27 of 1st period - Dylan Larkin wins face-off versus Victor Olofsson in Wild zone.
17:36 of 1st period - Slapshot by Dylan Larkin.
17:36 of 1st period - Stopped by Philipp Grubauer without a rebound.
17:37 of 1st period - Sean Couturier wins face-off versus Dylan Larkin in Jets zone.
17:37 of 1st period - Sean Couturier is hit by Dylan Larkin.
17:56 of 1st period - Snap shot by Kirill Marchenko.
17:56 of 1st period - Stopped by Philipp Grubauer without a rebound.
17:57 of 1st period - Elias Lindholm wins face-off versus Victor Olofsson in Jets zone.
17:58 of 1st period - Snap shot by Timo Meier.
17:58 of 1st period - Shot Misses the Net.
18:02 of 1st period - Slapshot by Timo Meier.
18:02 of 1st period - Stopped by Philipp Grubauer without a rebound.
18:03 of 1st period - Elias Lindholm wins face-off versus Victor Olofsson in Jets zone.
18:04 of 1st period - Snap shot by Timo Meier.
18:04 of 1st period - Stopped by Philipp Grubauer with a rebound.
18:06 of 1st period - Wrist shot by Alex Laferriere.
18:06 of 1st period - Shot Blocked by Colin Miller.
18:08 of 1st period - Wrist shot by Elias Lindholm.
18:08 of 1st period - Shot Blocked by Andreas Athanasiou.
18:10 of 1st period - Snap shot by Elias Lindholm.
18:10 of 1st period - Shot Blocked by Vince Dunn.
18:15 of 1st period - Minor Penalty to Dakota Joshua for Hooking.
18:16 of 1st period - Jack Eichel wins face-off versus Sean Couturier in Jets zone.
18:18 of 1st period - Slapshot by Matthew Knies.
18:18 of 1st period - Shot Misses the Net.
18:20 of 1st period - Snap shot by Matthew Knies.
18:20 of 1st period - Stopped by Philipp Grubauer with a rebound.
18:22 of 1st period - Wrist shot by Jack Eichel.
18:22 of 1st period - Shot Blocked by Travis Konecny.
18:24 of 1st period - Slapshot by Jack Eichel.
18:24 of 1st period - Stopped by Philipp Grubauer with a rebound.
18:26 of 1st period - Snap shot by Jack Eichel.
18:26 of 1st period - Goal by Jack Eichel - Wild : 1 - Jets : 3.
18:27 of 1st period - Dylan Larkin wins face-off versus Sean Couturier in neutral zone.
19:05 of 1st period - Snap shot by Victor Olofsson.
19:05 of 1st period - Shot Misses the Net.
19:19 of 1st period - Zach Aston-Reese is hit by Radko Gudas.
19:25 of 1st period - Snap shot by Viktor Arvidsson.
19:25 of 1st period - Shot Misses the Net.
19:27 of 1st period - Wrist shot by Viktor Arvidsson.
19:27 of 1st period - Shot Misses the Net.
19:39 of 1st period - Icing by Colin Miller.
19:40 of 1st period - Victor Olofsson wins face-off versus Kevin Stenlund in Jets zone.
19:40 of 1st period - Victor Olofsson is hit by Devon Toews.
Goals for this period are 1 for Wild vs 3 for Jets.
Shots for this period are 20 for Wild vs 7 for Jets.

2nd period


0:01 of 2nd period - Sean Couturier wins face-off versus Dylan Larkin in neutral zone.
0:04 of 2nd period - Snap shot by Kevin Fiala.
0:04 of 2nd period - Stopped by Samuel Ersson with a rebound.
0:12 of 2nd period - Kirill Marchenko is hit by Bowen Byram.
2:39 of 2nd period - Bowen Byram is hit by Brayden McNabb and loses puck.
3:54 of 2nd period - Nate Schmidt is hit by Kirill Marchenko and loses puck.
4:05 of 2nd period - Wrist shot by Dylan Larkin.
4:05 of 2nd period - Stopped by Philipp Grubauer without a rebound.
4:06 of 2nd period - Jack Eichel wins face-off versus Kevin Fiala in Jets zone.
4:45 of 2nd period - Slapshot by Timo Meier.
4:45 of 2nd period - Deflect By Travis Konecny.
4:45 of 2nd period - Shot Misses the Net.
4:45 of 2nd period - Puck is out of play.
4:46 of 2nd period - Dylan Larkin wins face-off versus Dakota Joshua in Jets zone.
5:12 of 2nd period - Nate Schmidt is hit by Timo Meier and loses puck.
5:21 of 2nd period - Slapshot by Timo Meier.
5:21 of 2nd period - Stopped by Philipp Grubauer with a rebound.
5:23 of 2nd period - Slapshot by Brandon Carlo.
5:23 of 2nd period - Stopped by Philipp Grubauer with a rebound.
5:25 of 2nd period - Snap shot by Alex Laferriere.
5:25 of 2nd period - Stopped by Philipp Grubauer with a rebound.
5:55 of 2nd period - Wrist shot by Dylan Larkin.
5:55 of 2nd period - Stopped by Philipp Grubauer with a rebound.
5:57 of 2nd period - Snap shot by Dylan Larkin.
5:57 of 2nd period - Deflect By Kirill Marchenko.
5:57 of 2nd period - Shot Blocked by Zach Aston-Reese.
5:57 of 2nd period - Puck is out of play.
5:58 of 2nd period - Dylan Larkin wins face-off versus Sean Couturier in Jets zone.
6:08 of 2nd period - Minor Penalty to Brandon Carlo for Tripping.
6:09 of 2nd period - Sean Couturier wins face-off versus Kevin Stenlund in Wild zone.
6:50 of 2nd period - Icing by Nate Schmidt.
6:51 of 2nd period - Viktor Arvidsson wins face-off versus Elias Lindholm in Jets zone.
8:08 of 2nd period - Penalty to Brandon Carlo is over, Brandon Carlo is back on ice.
9:28 of 2nd period - Nate Schmidt is hit by Kevin Stenlund and loses puck.
10:58 of 2nd period - Viktor Arvidsson is hit by Radko Gudas and loses puck.
12:38 of 2nd period - Wrist shot by Dylan Larkin.
12:38 of 2nd period - Goal by Dylan Larkin - Wild : 2 - Jets : 3.
12:39 of 2nd period - Sean Couturier wins face-off versus Dylan Larkin in neutral zone.
12:48 of 2nd period - Snap shot by Kevin Fiala.
12:48 of 2nd period - Shot Misses the Net.
12:50 of 2nd period - Slapshot by Bowen Byram.
12:50 of 2nd period - Stopped by Samuel Ersson with a rebound.
12:52 of 2nd period - Snap shot by Travis Konecny.
12:52 of 2nd period - Stopped by Samuel Ersson with a rebound.
12:54 of 2nd period - Snap shot by Bowen Byram.
12:54 of 2nd period - Stopped by Samuel Ersson with a rebound.
13:06 of 2nd period - Mario Ferraro is hit by Emil Bemstrom and loses puck.
14:57 of 2nd period - Wrist shot by Justin Danforth.
14:57 of 2nd period - Stopped by Philipp Grubauer without a rebound.
14:58 of 2nd period - Kevin Stenlund wins face-off versus Victor Olofsson in Jets zone.
15:23 of 2nd period - Ryan Nugent-Hopkins is hit by Victor Olofsson and loses puck.
15:36 of 2nd period - Mario Ferraro is hit by Sean Couturier and loses puck.
16:13 of 2nd period - Snap shot by Victor Olofsson.
16:13 of 2nd period - Shot Blocked by Elias Lindholm.
16:15 of 2nd period - Snap shot by Andreas Athanasiou.
16:15 of 2nd period - Deflect By Dakota Joshua.
16:15 of 2nd period - Stopped by Samuel Ersson with a rebound.
16:17 of 2nd period - Slapshot by Noah Hanifin.
16:17 of 2nd period - Stopped by Samuel Ersson with a rebound.
18:02 of 2nd period - Bowen Byram is hit by Kevin Stenlund and loses puck.
18:13 of 2nd period - Andreas Athanasiou is hit by Dylan Larkin and loses puck.
18:44 of 2nd period - Icing by Zach Aston-Reese.
18:45 of 2nd period - Elias Lindholm wins face-off versus Zach Aston-Reese in Jets zone.
19:12 of 2nd period - Sean Couturier is hit by Mario Ferraro.
19:38 of 2nd period - Snap shot by Victor Olofsson.
19:38 of 2nd period - Stopped by Samuel Ersson without a rebound.
19:39 of 2nd period - Dylan Larkin wins face-off versus Sean Couturier in Wild zone.
19:48 of 2nd period - Nate Schmidt is hit by Ryan Nugent-Hopkins.
Goals for this period are 1 for Wild vs 0 for Jets.
Shots for this period are 7 for Wild vs 7 for Jets.

3rd period


0:01 of 3rd period - Sean Couturier wins face-off versus Jack Eichel in neutral zone.
0:05 of 3rd period - Icing by Bowen Byram.
0:06 of 3rd period - Sean Couturier wins face-off versus Matthew Knies in Jets zone.
0:11 of 3rd period - Slapshot by Bowen Byram.
0:11 of 3rd period - Deflect By Jack Eichel.
0:11 of 3rd period - Stopped by Samuel Ersson with a rebound.
0:13 of 3rd period - Backhand shot by Bowen Byram.
0:13 of 3rd period - Stopped by Samuel Ersson without a rebound.
0:14 of 3rd period - Dylan Larkin wins face-off versus Sean Couturier in Wild zone.
0:25 of 3rd period - Kirill Marchenko is hit by Kevin Fiala and loses puck.
0:45 of 3rd period - Slapshot by Lane Hutson.
0:45 of 3rd period - Stopped by Samuel Ersson without a rebound.
0:46 of 3rd period - Elias Lindholm wins face-off versus Victor Olofsson in Wild zone.
1:08 of 3rd period - Snap shot by Timo Meier.
1:08 of 3rd period - Stopped by Philipp Grubauer with a rebound.
1:10 of 3rd period - Backhand shot by Devon Toews.
1:10 of 3rd period - Shot Hit the Post.
1:12 of 3rd period - Snap shot by Timo Meier.
1:12 of 3rd period - Shot Blocked by Andreas Athanasiou.
1:16 of 3rd period - Snap shot by Elias Lindholm.
1:16 of 3rd period - Goal by Elias Lindholm - Wild : 3 - Jets : 3.
1:17 of 3rd period - Sean Couturier wins face-off versus Jack Eichel in neutral zone.
1:26 of 3rd period - Wrist shot by Kevin Fiala.
1:26 of 3rd period - Shot Blocked by Radko Gudas.
1:34 of 3rd period - Snap shot by Sean Couturier.
1:34 of 3rd period - Stopped by Samuel Ersson with a rebound.
1:44 of 3rd period - Andreas Athanasiou is hit by Kirill Marchenko and loses puck.
1:51 of 3rd period - Snap shot by Dylan Larkin.
1:51 of 3rd period - Deflect By Ryan Nugent-Hopkins.
1:51 of 3rd period - Shot Misses the Net.
1:51 of 3rd period - Puck is out of play.
1:52 of 3rd period - Dylan Larkin wins face-off versus Victor Olofsson in Jets zone.
1:53 of 3rd period - Wrist shot by Kirill Marchenko.
1:53 of 3rd period - Shot Hit the Post.
2:19 of 3rd period - Vince Dunn is hit by Devon Toews and loses puck.
2:24 of 3rd period - Snap shot by Jack Eichel.
2:24 of 3rd period - Deflect By Matthew Knies.
2:24 of 3rd period - Shot Misses the Net.
2:24 of 3rd period - Puck is out of play.
2:25 of 3rd period - Jack Eichel wins face-off versus Sean Couturier in Jets zone.
2:30 of 3rd period - Slapshot by Noah Hanifin.
2:30 of 3rd period - Stopped by Samuel Ersson with a rebound.
2:57 of 3rd period - Backhand shot by Kirill Marchenko.
2:57 of 3rd period - Shot Misses the Net.
3:01 of 3rd period - Snap shot by Kirill Marchenko.
3:01 of 3rd period - Shot Misses the Net.
3:03 of 3rd period - Snap shot by Ryan Nugent-Hopkins.
3:03 of 3rd period - Shot Misses the Net.
3:14 of 3rd period - Noah Hanifin is hit by Mario Ferraro and loses puck.
3:17 of 3rd period - Snap shot by Craig Smith.
3:17 of 3rd period - Shot Blocked by Devon Toews.
3:19 of 3rd period - Slapshot by Noah Hanifin.
3:19 of 3rd period - Shot Misses the Net.
3:21 of 3rd period - Snap shot by Craig Smith.
3:21 of 3rd period - Stopped by Samuel Ersson without a rebound.
3:22 of 3rd period - Sean Couturier wins face-off versus Jack Eichel in Wild zone.
3:32 of 3rd period - Minor Penalty to Radko Gudas for Tripping.
3:33 of 3rd period - Noel Acciari wins face-off versus Sean Couturier in Wild zone.
4:12 of 3rd period - Zach Aston-Reese is hit by Elias Lindholm and loses puck.
4:25 of 3rd period - Snap shot by Ryan Nugent-Hopkins.
4:25 of 3rd period - Stopped by Philipp Grubauer with a rebound.
5:32 of 3rd period - Penalty to Radko Gudas is over, Radko Gudas is back on ice.
5:38 of 3rd period - Matthew Knies is hit by Bowen Byram and loses puck.
5:50 of 3rd period - Dakota Joshua is hit by Matthew Knies and loses puck.
6:01 of 3rd period - Zach Aston-Reese is hit by Dylan Larkin and loses puck.
6:12 of 3rd period - Colin Miller is hit by Elias Lindholm and loses puck.
6:25 of 3rd period - Vince Dunn is hit by Justin Danforth and loses puck.
6:36 of 3rd period - Wrist shot by Andreas Athanasiou.
6:36 of 3rd period - Goal by Andreas Athanasiou - Wild : 3 - Jets : 4.
6:37 of 3rd period - Sean Couturier wins face-off versus Dylan Larkin in neutral zone.
6:44 of 3rd period - Slapshot by Kevin Fiala.
6:44 of 3rd period - Shot Blocked by Mario Ferraro.
6:50 of 3rd period - Wrist shot by Kevin Fiala.
6:50 of 3rd period - Shot Misses the Net.
6:52 of 3rd period - Wrist shot by Travis Konecny.
6:52 of 3rd period - Shot Blocked by Devon Toews.
6:54 of 3rd period - Wrist shot by Travis Konecny.
6:54 of 3rd period - Deflect By Kevin Fiala.
6:54 of 3rd period - Stopped by Samuel Ersson with a rebound.
7:04 of 3rd period - Andreas Athanasiou is hit by Matthew Knies and loses puck.
7:31 of 3rd period - Backhand shot by Zach Aston-Reese.
7:31 of 3rd period - Shot Blocked by Radko Gudas.
7:33 of 3rd period - Snap shot by Noah Hanifin.
7:33 of 3rd period - Stopped by Samuel Ersson without a rebound.
7:34 of 3rd period - Sean Couturier wins face-off versus Dylan Larkin in Wild zone.
7:47 of 3rd period - Slapshot by Kirill Marchenko.
7:47 of 3rd period - Shot Misses the Net.
7:49 of 3rd period - Snap shot by Kirill Marchenko.
7:49 of 3rd period - Shot Blocked by Travis Konecny.
7:51 of 3rd period - Snap shot by Kirill Marchenko.
7:51 of 3rd period - Stopped by Philipp Grubauer with a rebound.
8:01 of 3rd period - Victor Olofsson is hit by Mario Ferraro and loses puck.
8:23 of 3rd period - Snap shot by Timo Meier.
8:23 of 3rd period - Deflect By Viktor Arvidsson.
8:23 of 3rd period - Stopped by Philipp Grubauer without a rebound.
8:24 of 3rd period - Elias Lindholm wins face-off versus Zach Aston-Reese in Jets zone.
8:25 of 3rd period - Wrist shot by Timo Meier.
8:25 of 3rd period - Stopped by Philipp Grubauer with a rebound.
8:27 of 3rd period - Wrist shot by Alex Laferriere.
8:27 of 3rd period - Shot Misses the Net.
8:29 of 3rd period - Slapshot by Radko Gudas.
8:29 of 3rd period - Stopped by Philipp Grubauer with a rebound.
8:31 of 3rd period - Slapshot by Radko Gudas.
8:31 of 3rd period - Shot Hit the Post.
8:33 of 3rd period - Slapshot by Radko Gudas.
8:33 of 3rd period - Stopped by Philipp Grubauer with a rebound.
8:35 of 3rd period - Slapshot by Timo Meier.
8:35 of 3rd period - Stopped by Philipp Grubauer with a rebound.
8:37 of 3rd period - Wrist shot by Timo Meier.
8:37 of 3rd period - Deflect By Elias Lindholm.
8:37 of 3rd period - Shot Misses the Net.
8:37 of 3rd period - Puck is out of play.
8:38 of 3rd period - Ryan Nugent-Hopkins wins face-off versus Sean Couturier in Jets zone.
8:39 of 3rd period - Wrist shot by Dylan Larkin.
8:39 of 3rd period - Stopped by Philipp Grubauer without a rebound.
8:40 of 3rd period - Dylan Larkin wins face-off versus Sean Couturier in Jets zone.
9:07 of 3rd period - Wrist shot by Ilya Mikheyev.
9:07 of 3rd period - Stopped by Samuel Ersson with a rebound.
9:09 of 3rd period - Slapshot by Bowen Byram.
9:09 of 3rd period - Deflect By Emil Bemstrom.
9:09 of 3rd period - Shot Hit the Post.
9:09 of 3rd period - Puck is out of play.
9:10 of 3rd period - Jack Eichel wins face-off versus Victor Olofsson in Wild zone.
9:27 of 3rd period - Wrist shot by Matthew Knies.
9:27 of 3rd period - Shot Misses the Net.
9:47 of 3rd period - Slapshot by Lane Hutson.
9:47 of 3rd period - Shot Misses the Net.
11:32 of 3rd period - Slapshot by Kevin Fiala.
11:32 of 3rd period - Shot Blocked by Mario Ferraro.
11:34 of 3rd period - Slapshot by Kevin Fiala.
11:34 of 3rd period - Shot Blocked by Devon Toews.
11:36 of 3rd period - Snap shot by Sean Couturier.
11:36 of 3rd period - Goal by Sean Couturier - Wild : 3 - Jets : 5.
11:37 of 3rd period - Jack Eichel wins face-off versus Sean Couturier in neutral zone.
13:41 of 3rd period - Radko Gudas is hit by Vince Dunn and loses puck.
13:54 of 3rd period - Slapshot by Brandon Carlo.
13:54 of 3rd period - Shot Blocked by Travis Konecny.
13:56 of 3rd period - Snap shot by Ryan Nugent-Hopkins.
13:56 of 3rd period - Stopped by Philipp Grubauer with a rebound.
14:22 of 3rd period - Wrist shot by Zach Aston-Reese.
14:22 of 3rd period - Stopped by Samuel Ersson with a rebound.
14:24 of 3rd period - Snap shot by Craig Smith.
14:24 of 3rd period - Shot Misses the Net.
14:26 of 3rd period - Slapshot by Craig Smith.
14:26 of 3rd period - Deflect By Viktor Arvidsson.
14:26 of 3rd period - Stopped by Samuel Ersson without a rebound.
14:27 of 3rd period - Zach Aston-Reese wins face-off versus Jack Eichel in Wild zone.
14:39 of 3rd period - Off-side.
14:40 of 3rd period - Jack Eichel wins face-off versus Sean Couturier in neutral zone.
14:45 of 3rd period - Slapshot by Devon Toews.
14:45 of 3rd period - Stopped by Philipp Grubauer without a rebound.
14:46 of 3rd period - Jack Eichel wins face-off versus Kevin Fiala in Jets zone.
15:17 of 3rd period - Wrist shot by Ilya Mikheyev.
15:17 of 3rd period - Stopped by Samuel Ersson with a rebound.
15:19 of 3rd period - Snap shot by Ilya Mikheyev.
15:19 of 3rd period - Goal by Ilya Mikheyev - Wild : 3 - Jets : 6.
15:20 of 3rd period - Travis Konecny wins face-off versus Jack Eichel in neutral zone.
15:47 of 3rd period - Minor Penalty to Radko Gudas for High sticking.
15:48 of 3rd period - Noel Acciari wins face-off versus Sean Couturier in Wild zone.
17:47 of 3rd period - Penalty to Radko Gudas is over, Radko Gudas is back on ice.
17:55 of 3rd period - Ilya Mikheyev is hit by Matthew Knies and loses puck.
Goals for this period are 1 for Wild vs 3 for Jets.
Shots for this period are 12 for Wild vs 15 for Jets.